 Dungeon Crawl Stone Soup version 0.29-a0-994-gc5c9f59d18 (webtiles) character file.

Game seed: 2902024990334010439

65 zeratav the Stinger (level 4, -10/27 HPs)
             Began as an Octopode Venom Mage on Aug 3, 2022.
             Mangled by Sigmund
             ... wielding a +3 scythe of venom
              (14 damage)
             ... on level 2 of the Dungeon.
             The game lasted 00:02:32 (2213 turns).

zeratav the Stinger (Octopode Venom Mage)           Turns: 2213, Time: 00:02:33

Health: -10/27     AC:  1    Str:  7    XL:     4   Next: 13%
Magic:  4/7        EV: 13    Int: 19    God:
Gold:   35         SH:  0    Dex: 18    Spells: 4/7 levels left

rFire   . . .      SeeInvis .   k - +2 dagger (freeze) {short}
rCold   . . .      Faith    .   (no shield)
rNeg    + . .      Spirit   .   (helmet restricted)
rPois   .          Reflect  .   (no amulet)
rElec   .          Harm     .   d - ring of positive energy
rCorr   .          Rampage  .   j - +6 ring of dexterity
Will    .....                   (no ring)
Stlth   ++........              (no ring)
HPRegen 0.09/turn               (no ring)
MPRegen 0.10/turn               (no ring)
                                (no ring)
                                (no ring)

@: confused, lethally poisoned (-10 -> -31)
A: almost no armour, amphibious, 8 rings, camouflage 1, gelatinous body 1,
(nimble swimmer 1), tentacles
a: no special abilities


You were on level 2 of the Dungeon.
You visited 1 branch of the dungeon, and saw 3 of its levels.

You collected 35 gold pieces.


Innate Abilities, Weirdness & Mutations

You cannot wear most types of armour.
You are amphibious.
You can wear up to eight rings at the same time.
Your skin changes colour to match your surroundings (Stealth+).
Your rubbery body absorbs attacks. (AC +1, EV +1)
((You are camouflaged when in or above water. (Stealth+)))
You have tentacles for arms and can constrict up to eight enemies at once.


   Skills:
 - Level 2.0 Dodging
 + Level 4.7 Stealth
 - Level 2.0 Spellcasting
 - Level 1.0 Transmutations
 + Level 4.9 Poison Magic


You had 4 spell levels left.
You knew the following spells:

 Your Spells              Type           Power      Damage    Failure   Level
a - Sting                 Tmut/Pois      52%        1d5       4%          1
b - Poisonous Vapours     Pois/Air       22%        N/A       10%         2

Your spell library contained the following spells:

 Spells                   Type           Power      Damage    Failure   Level
 Olgreb's Toxic Radiance  Pois           20%        N/A       22%         4
 Mephitic Cloud           Conj/Pois/Air  8%         N/A       26%         3
 Tukima's Dance           Hex            1%         N/A       45%         3
 Passage of Golubria      Tloc           1%         N/A       86%         4
 Yara's Violent Unravell  Hex/Tmut       1%         3d3       98%         5

Inventory:

Hand Weapons
 k - a +2 dagger of freezing (weapon) {short}
   (You took it off a goblin on level 2 of the Dungeon)
Jewellery
 d - a ring of positive energy (left tentacle)
   (You found it on level 1 of the Dungeon)
 j - a +6 ring of dexterity (right tentacle)
   (You found it on level 2 of the Dungeon)
Scrolls
 c - a scroll of enchant armour {unknown}
 e - a scroll of teleportation {unknown}
 f - 2 scrolls of identify {unknown}
 g - a scroll of enchant weapon {unknown}
 i - a scroll of blinking {unknown}
 l - a scroll of butterflies {unknown}
Potions
 a - a potion of magic
 b - 3 potions of curing {unknown}
 h - 2 potions of might {unknown}

Dungeon Overview and Level Annotations

Branches:
Dungeon (3/15) Zot: 15778

Altars:

Annotations:
D:2 Sigmund

#............>... #.#.##
#......<.<.....####.#.##
#................##.....
#......<...)...#........
#.....................(.
###.......................
####........{................
#...................##.......
#..........#@.....#..#.#.....
#..........###.#####...#.....
#..............###...........
####............##..8.8......
#####.####...##.8.8.8.....
#.#####......8_8......
#.........).8.8.8.....
#######..#...8.8..#...
##.#...)....####


There were no monsters in sight!


Message History

You shout for attention!
You hear a shout!
Sigmund casts a spell.
Sigmund flickers and vanishes!
Deactivating autopickup; reactivate with Ctrl-A.
The ball python closely misses you. The ball python misses you.
You closely miss the ball python. Your grab misses the ball python.
You squeeze the ball python.
You kill the ball python!
A puff of flame appears from out of thin air!
The puff of flame hits you!
No target in view!
No target in view!
HP[-9]
You take 9 damage, and now have 18/27 hp.
MASSIVE DAMAGE!! (PAUSE) No target in view!
No target in view!
No target in view!
No target in view!
No target in view!
HP[+1]
A puff of flame appears from out of thin air!
The puff of flame misses you.
There is a stone staircase leading up here.
You climb upwards.
Reactivating autopickup.
There is a stone staircase leading down here.
You start resting.
HP[+8]
Your hp is fully restored (27).
There is a staircase leading out of the dungeon here.
There is a stone staircase leading down here.
You climb downwards.
Level annotation: Sigmund
There is a stone staircase leading up here.
Memorise Poisonous Vapours, consuming 2 spell levels and leaving 4?
You start memorising the spell.
You continue memorising.
Sigmund casts a spell at you.
Your memorisation is interrupted.
The puff of flame misses you.
Casting: Sting (safe; 4% risk of failure)
Confirm with . or Enter, or press ? or * to list all spells.
You don't know that spell.
You climb upwards.
There is a stone staircase leading down here.
Memorise Poisonous Vapours, consuming 2 spell levels and leaving 4?
You start memorising the spell.
You continue memorising. x2
You finish memorising.
Spell assigned to 'b'.
There is a stone staircase leading down here.
You climb downwards.
Level annotation: Sigmund
There is a stone staircase leading up here.
Casting: Sting (safe; 4% risk of failure)
Confirm with . or Enter, or press ? or * to list all spells.
Aiming: Poisonous Vapours (safe; 10% risk of failure)
Press: ? - help, Dir - move target, f - Sigmund
Aim: Sigmund, wielding a +3 scythe of venom and wearing a +0 robe Poisonous vapours surround Sigmund!
Sigmund is poisoned.
Sigmund gestures at you while chanting. The magic dart hits you.
HP[-6] MP[-2]
You take 6 damage, and now have 21/27 hp.
MASSIVE DAMAGE!! (PAUSE)
You lost 2 mp, and now have 5/7 mp.
Casting: Poisonous Vapours (safe; 10% risk of failure)
Confirm with . or Enter, or press ? or * to list all spells.
Aiming: Poisonous Vapours (safe; 10% risk of failure)
Press: ? - help, Dir - move target, f/p - Sigmund
Aim: Sigmund, wielding a +3 scythe of venom and wearing a +0 robe (lightly wounded, poisoned) Poisonous vapours surround Sigmund!
Sigmund looks even sicker.
Sigmund gestures at you while chanting.
You are confused.
MP[-2]
You lost 2 mp, and now have 3/7 mp.
You're too confused to cast spells.
Unknown command.
Sigmund casts a spell at you. You resist with some effort.
Sigmund mumbles some strange words.
Sigmund flickers and vanishes!
Deactivating autopickup; reactivate with Ctrl-A.
You are more confused.
HP[+1] You're too confused to move!
MP[+1] You're too confused to move!
You are more confused.
You're too confused to move!
You bump into the rock wall.
You bump into the rock wall.
Something hits you!
* * * LOW HITPOINT WARNING * * *
You are lethally poisoned!
HP[-13]
You take 13 damage, and now have 9/27 hp.
MASSIVE DAMAGE!! (PAUSE)
You bump into the rock wall.
* * * LOW HITPOINT WARNING * * *
You feel very sick. Something hits you!
Ouch! That really hurt!
You die...

Skill      XL: |  1  2  3 |
---------------+----------+-----
Stealth        | 3 4 |  4.7
Poison Magic   | 4 |  4.9
Dodging        | |  2.0
Spellcasting   | |  2.0
Transmutations | |  1.0

Action                   |  1- 3 |  4- 6 || total
-------------------------+-------+-------++-------
Melee: Short sword       |    71 |       ||    71
       Tentacles         |    14 |     3 ||    17
       Unarmed           |     3 |       ||     3
       Constrict         |    17 |     1 ||    18
       Dagger            |     4 |     6 ||    10
 Cast: Sting             |     3 |       ||     3
       Poisonous Vapours |       |     2 ||     2
 Stab: Sleeping          |     7 |       ||     7
Armor: Skin              |     3 |       ||     3
Dodge: Dodged            |    65 |     6 ||    71

Levels and vault maps discovered:
D:1:      dpeg_arrival_stonehenge_8_columns, layout_basic
D:2:      layout_rooms, chequers_ecumenical_altar_simple_redux, uniq_sigmund
D:3:      layout_loops_corners, uniq_jessica, uniq_crazy_yiuf_cottage

Notes
Turn   | Place    | Note
-------+----------+-------------------------------------------
     0 | D:1      | zeratav the Octopode Venom Mage began the quest for the
                  | Orb.
     0 | D:1      | Reached XP level 1. HP: 11/11 MP: 3/3
     0 | D:1      | magus.rc [v1.9.6]
   106 | D:1      | Reached skill level 3 in Stealth
   246 | D:1      | Reached skill level 4 in Poison Magic
   246 | D:1      | Reached XP level 2. HP: 16/17 MP: 5/5
   837 | D:1      | Reached XP level 3. HP: 18/21 MP: 6/6
   847 | D:1      | Reached skill level 4 in Stealth
  1318 | D:2      | You fall into a shaft and drop 1 floor!
  1396 | D:2      | You add the spells Tukima's Dance, Passage of Golubria and
                  | Yara's Violent Unravelling to your library.
  1748 | D:2      | Found a faded altar of an unknown god.
  1868 | D:2      | Reached XP level 4. HP: 27/27 MP: 7/7
  2043 | D:2      | Noticed Sigmund
  2190 | D:1      | Learned a level 2 spell: Poisonous Vapours
  2213 | D:2      | HP: 4/27 [poisoned by Sigmund]
  2213 | D:2      | Mangled by Sigmund

Vanquished Creatures
  An adder (D:2)
  2 dart slugs
  A bat (D:2)
  4 endoplasms
  4 giant cockroaches
  9 goblins
  5 hobgoblins
  4 jackals
  2 quokkas (D:2)
  3 ball pythons (D:2)
  3 frilled lizards
  3 kobolds
  3 rats
44 creatures vanquished.

Table legend:
 A = Non-vault XP
 B = Vault XP
 C = Vault XP percentage of total XP
 D = Non-vault monster count
 E = Vault monster count
 F = Vault count percentage of total count
                 A         B        C        D         E       F
            +---------+---------+-------+---------+---------+-------
      Total |      93 |       0 |   0.0 |      44 |       0 |   0.0
            +---------+---------+-------+---------+---------+-------
        D:1 |      42 |       0 |   0.0 |      23 |       0 |   0.0
        D:2 |      45 |       0 |   0.0 |      18 |       0 |   0.0
        D:3 |       6 |       0 |   0.0 |       3 |       0 |   0.0
            +---------+---------+-------+---------+---------+-------

Illustrated notes

Table legend:
 A = Kills in this place as a percentage of kills in entire the game.
 B = Kills by you in this place as a percentage of kills by you in the entire game.
 C = Kills by friends in this place as a percentage of kills by friends in the entire game.
 D = Other kills in this place as a percentage of other kills in the entire game.
 E = Experience gained in this place as a percentage of experience gained in the entire game.
 F = Experience gained in this place divided by the number of levels of this place that you have seen.
                   A       B       C       D       E      F
               +-------+-------+-------+-------+-------+----------------------
         Total | 100.0 | 100.0 |   N/A |   N/A | 100.0 |  31.0
       Dungeon | 100.0 | 100.0 |   N/A |   N/A | 100.0 |  31.0
               +-------+-------+-------+-------+-------+----------------------

Table legend: (Time is in decaauts)
 A = Elapsed time spent in this place.
 B = Non-inter-level travel time spent in this place.
 C = Inter-level travel time spent in this place.
 D = Time resting spent in this place.
 E = Time spent auto-exploring this place.
 F = Levels seen in this place.
 G = Mean time per level.
                   A        B        C        D        E       F      G
               +--------+--------+--------+--------+--------+-----+--------+
         Total |   2220 |   2126 |     94 |    271 |   1551 |   3 |  740.0 |
       Dungeon |   2220 |   2126 |     94 |    271 |   1551 |   3 |  740.0 |
               +--------+--------+--------+--------+--------+-----+--------+

Top non-repeatable levels by time:
     D:1: 1451 daAuts
     D:2: 614 daAuts
     D:3: 154 daAuts
